| TOP OF THE 1ST |
|
Mobile BayBears batting - Pitching for Biloxi Shuckers : RHP Jonathon Crunk
|
|
Pitching: RHP Jonathon Crunk
|
|
|
Batting: LHB Steve Reinhart
|
0-0: Foul Ball, location: 2F 0-1: Foul Ball, location: 2F 0-2: Ground out 5-3 (Groundball, 5L, EV 85.0 MPH)
|
|
Batting: SHB Salvador Aragon
|
0-0: DOUBLE (Line Drive, 89D, EV 105.6 MPH)
|
|
Batting: RHB Katilimomi Kelekolio
|
0-0: Ball 1-0: Called Strike 1-1: Ball 2-1: Foul Ball, location: 2F 2-2: Ball 3-2: Foul Ball, location: 2F 3-2: Foul Ball, location: 2F 3-2: Hit by Pitch
|
|
Batting: RHB John Gray
|
0-0: Ball 1-0: Fly out, F7 (Flyball, 7, EV 90.0 MPH) Runner from 2nd tags up, SAFE at 3rd with throw by LF
|
|
Batting: LHB Josh Gottlieb
|
0-0: Called Strike 0-1: Ball 1-1: Ball 2-1: Swinging Strike 2-2: Ground out 4-3 (Groundball, 4, EV 85.6 MPH)
|
| Top of the 1st over - 0 runs, 1 hit, 0 errors, 2 left on base; Mobile 0 - Biloxi 0 |
| BOTTOM OF THE 1ST |
|
Biloxi Shuckers batting - Pitching for Mobile BayBears : RHP Alex Apolinar
|
|
Pitching: RHP Alex Apolinar
|
|
|
Batting: RHB Carlos Salazar
|
0-0: Called Strike 0-1: Called Strike 0-2: Strikes out swinging
|
|
Batting: LHB Alan Bianchard
|
0-0: Swinging Strike 0-1: Swinging Strike 0-2: Foul Ball, location: 2F 0-2: Ball 1-2: Ball 2-2: Foul Ball, location: 2F 2-2: SINGLE (Groundball, 4MD, EV 95.0 MPH)
|
|
Batting: SHB Jamel Wright
|
0-0: Called Strike 0-1: Ball 1-1: 2-RUN HOME RUN (Flyball, 9LD, EV 94.4 MPH), Distance : 344 ft
|
|
Batting: RHB Tim Lively
|
0-0: Swinging Strike 0-1: Called Strike 0-2: Foul Ball, location: 2F 0-2: Ball 1-2: Ball 2-2: Foul Ball, location: 2F 2-2: Ground out U3 (Groundball, 34S, EV 88.1 MPH)
|
|
Batting: RHB Matthew Adams
|
0-0: Ball 1-0: Ball 2-0: Ball 3-0: Base on Balls
|
|
Batting: RHB Mike Ball
|
0-0: Ball 1-0: Swinging Strike 1-1: Ball 2-1: Called Strike 2-2: DOUBLE (Line Drive, 8LXD, EV 111.2 MPH) Matthew Adams to third
|
|
Batting: RHB Nick Spiller
|
0-0: Called Strike 0-1: Foul Ball, location: 2F 0-2: SINGLE (Groundball, 6MD, EV 103.1 MPH) Matthew Adams scores Mike Ball to third Runner from 3rd tries for Home, SAFE, throw by CF to home
|
|
Batting: RHB Matt Saunders
|
0-0: Ball Nick Spiller steals 2nd base 1-0: Called Strike 1-1: Reached on error, E5 (Groundball, 56, EV 81.2 MPH) Nick Spiller to third
|
|
Batting: RHB Jamie Youngs
|
0-0: Swinging Strike 0-1: Called Strike 0-2: Foul Ball, location: 2F 0-2: SINGLE (Groundball, 56D, EV 98.8 MPH) Nick Spiller scores Matt Saunders to second
|
|
Pitching: RHP Matt Hager
|
|
|
Batting: RHB Carlos Salazar
|
0-0: Called Strike 0-1: Foul Ball, location: 2F 0-2: Ball 1-2: Ball 2-2: Foul Ball, location: 2F 2-2: Strikes out looking
|
| Bottom of the 1st over - 5 runs, 5 hits, 1 error, 2 left on base; Mobile 0 - Biloxi 5 |
| TOP OF THE 2ND |
|
Mobile BayBears batting - Pitching for Biloxi Shuckers : RHP Jonathon Crunk
|
|
Batting: RHB Omar Arroyo
|
0-0: Ball 1-0: Foul Ball, location: 2F 1-1: Ball 2-1: Swinging Strike 2-2: Foul Ball, location: 2F 2-2: Foul Ball, location: 2F 2-2: Strikes out swinging
|
|
Batting: RHB Dustin Legault
|
0-0: Swinging Strike 0-1: Ball 1-1: Called Strike 1-2: Foul Ball, location: 2F 1-2: Ball 2-2: Strikes out swinging
|
|
Batting: RHB Casey Stripling
|
0-0: Called Strike 0-1: Called Strike 0-2: Foul Ball, location: 2F 0-2: Strikes out swinging
|
| Top of the 2nd over - 0 runs, 0 hits, 0 errors, 0 left on base; Mobile 0 - Biloxi 5 |
| BOTTOM OF THE 2ND |
|
Biloxi Shuckers batting - Pitching for Mobile BayBears : RHP Matt Hager
|
|
Batting: LHB Alan Bianchard
|
0-0: Ground out U3 (Groundball, 34, EV 88.1 MPH)
|
|
Batting: SHB Jamel Wright
|
0-0: Ball 1-0: Ball 2-0: Ball 3-0: Base on Balls
|
|
Batting: RHB Tim Lively
|
0-0: Ball Jamel Wright steals 2nd base (no throw) 1-0: Called Strike 1-1: SINGLE (Groundball, 4MD, EV 105.0 MPH) Jamel Wright to third Runner from 3rd tries for Home, SAFE, throw by CF to home
|
|
Batting: RHB Matthew Adams
|
0-0: Ball 1-0: Ball 2-0: Foul Ball, location: 2F 2-1: Called Strike Tim Lively steals 2nd base 2-2: SINGLE (Groundball, 6D, EV 95.6 MPH) Tim Lively to third Runner from 3rd tries for Home, SAFE, throw by CF to home Matthew Adams to second
|
|
Batting: RHB Mike Ball
|
0-0: DOUBLE (Line Drive, 9LS, EV 108.8 MPH) Matthew Adams scores
|
|
Batting: RHB Nick Spiller
|
0-0: Called Strike 0-1: Ball 1-1: Swinging Strike 1-2: Strikes out looking
|
|
Batting: RHB Matt Saunders
|
0-0: Fly out, F8 (Flyball, 8RD, EV 106.2 MPH)
|
| Bottom of the 2nd over - 3 runs, 3 hits, 0 errors, 1 left on base; Mobile 0 - Biloxi 8 |
| TOP OF THE 3RD |
|
Mobile BayBears batting - Pitching for Biloxi Shuckers : RHP Jonathon Crunk
|
|
Batting: RHB Justin Bruce
|
0-0: Ball 1-0: Ball 2-0: Ball 3-0: Called Strike 3-1: Called Strike 3-2: Strikes out looking
|
|
Batting: LHB Steve Reinhart
|
0-0: Foul Ball, location: 2F 0-1: DOUBLE (Groundball, 3L, EV 110.6 MPH)
|
|
Batting: SHB Salvador Aragon
|
0-0: Foul Ball, location: 2F 0-1: Ball 1-1: Ball 2-1: Ball 3-1: Base on Balls
|
|
Batting: RHB Katilimomi Kelekolio
|
0-0: Swinging Strike 0-1: Foul Ball, location: 2F 0-2: Ball 1-2: Foul Ball, location: 2F 1-2: Ball 2-2: Ball 3-2: Fly out, F8 (Flyball, 89D, EV 98.8 MPH)
|
|
Batting: RHB John Gray
|
0-0: Called Strike 0-1: Ball 1-1: Foul Ball, location: 2F 1-2: Foul Ball, location: 2F 1-2: Fly out, F8 (Flyball, 8LM, EV 80.6 MPH)
|
| Top of the 3rd over - 0 runs, 1 hit, 0 errors, 2 left on base; Mobile 0 - Biloxi 8 |
| BOTTOM OF THE 3RD |
|
Biloxi Shuckers batting - Pitching for Mobile BayBears : RHP Matt Hager
|
|
Batting: RHB Jamie Youngs
|
0-0: Ball 1-0: Ground out 6-3 (Groundball, 6, EV 79.4 MPH)
|
|
Batting: RHB Carlos Salazar
|
0-0: Swinging Strike 0-1: Ball 1-1: Ball 2-1: Foul Ball, location: 2F 2-2: Foul Ball, location: 2F 2-2: Fly out, F7 (Line Drive, 7, EV 90.0 MPH)
|
|
Batting: LHB Alan Bianchard
|
0-0: Ball 1-0: Foul Ball, location: 2F 1-1: Swinging Strike 1-2: Ball 2-2: SINGLE (Flyball, 5D, EV 86.9 MPH)
|
|
Batting: SHB Jamel Wright
|
0-0: Ball 1-0: Ball 2-0: Ground out 4-3 (Groundball, 4, EV 85.0 MPH)
|
| Bottom of the 3rd over - 0 runs, 1 hit, 0 errors, 1 left on base; Mobile 0 - Biloxi 8 |
| TOP OF THE 4TH |
|
Mobile BayBears batting - Pitching for Biloxi Shuckers : RHP Jonathon Crunk
|
|
Batting: LHB Josh Gottlieb
|
0-0: Called Strike 0-1: SINGLE (Line Drive, 34, EV 95.6 MPH)
|
|
Batting: RHB Omar Arroyo
|
0-0: Ball 1-0: Called Strike 1-1: Ball 2-1: Foul Ball, location: 2F 2-2: Strikes out swinging
|
|
Batting: RHB Dustin Legault
|
0-0: Called Strike 0-1: Ball 1-1: Called Strike 1-2: Ball 2-2: Strikes out swinging
|
|
Batting: RHB Casey Stripling
|
0-0: Ball 1-0: Ball 2-0: Ball 3-0: Base on Balls Josh Gottlieb to second
|
|
Batting: RHB Justin Bruce
|
0-0: Foul Ball, location: 2F 0-1: Fly out, F8 (Flyball, 8RS, EV 83.1 MPH)
|
| Top of the 4th over - 0 runs, 1 hit, 0 errors, 2 left on base; Mobile 0 - Biloxi 8 |
| BOTTOM OF THE 4TH |
|
Biloxi Shuckers batting - Pitching for Mobile BayBears : RHP Matt Hager
|
|
Pitching: RHP Jeremy Dobrowolski
|
|
|
Batting: RHB Tim Lively
|
0-0: Called Strike 0-1: Foul Ball, location: 2F 0-2: Strikes out swinging
|
|
Batting: RHB Matthew Adams
|
0-0: Foul Ball, location: 2F 0-1: Ball 1-1: Ball 2-1: Ball 3-1: Base on Balls
|
|
Batting: RHB Mike Ball
|
0-0: Called Strike 0-1: Called Strike 0-2: Foul Ball, location: 2F 0-2: Ball 1-2: Foul Ball, location: 2F 1-2: Fielders Choice at 2nd, 5-4 (Groundball, 56, EV 86.9 MPH)
|
|
Batting: RHB Nick Spiller
|
0-0: Called Strike 0-1: Called Strike 0-2: Ball 1-2: Strikes out swinging
|
| Bottom of the 4th over - 0 runs, 0 hits, 0 errors, 1 left on base; Mobile 0 - Biloxi 8 |
| TOP OF THE 5TH |
|
Mobile BayBears batting - Pitching for Biloxi Shuckers : RHP Jonathon Crunk
|
|
Batting: LHB Steve Reinhart
|
0-0: Ball 1-0: Called Strike 1-1: Called Strike 1-2: Foul Ball, location: 2F 1-2: Ball 2-2: Strikes out swinging
|
|
Batting: SHB Salvador Aragon
|
0-0: Called Strike 0-1: Foul Ball, location: 2F 0-2: Foul Ball, location: 2F 0-2: Strikes out swinging
|
|
Batting: RHB Katilimomi Kelekolio
|
0-0: Foul Ball, location: 2F 0-1: Foul Ball, location: 2F 0-2: Ball 1-2: Fly out, F9 (Line Drive, 9, EV 93.8 MPH)
|
| Top of the 5th over - 0 runs, 0 hits, 0 errors, 0 left on base; Mobile 0 - Biloxi 8 |
| BOTTOM OF THE 5TH |
|
Biloxi Shuckers batting - Pitching for Mobile BayBears : RHP Jeremy Dobrowolski
|
|
Batting: RHB Matt Saunders
|
0-0: Foul Ball, location: 2F 0-1: Ground out 3-1 (Groundball, 34, EV 105.0 MPH)
|
|
Batting: RHB Jamie Youngs
|
0-0: Ball 1-0: Ball 2-0: SINGLE (Groundball, 34D, EV 100.6 MPH)
|
|
Batting: RHB Carlos Salazar
|
0-0: Called Strike 0-1: Ball 1-1: Ball 2-1: Called Strike 2-2: Strikes out swinging
|
|
Batting: LHB Alan Bianchard
|
0-0: Swinging Strike 0-1: Foul Ball, location: 2F 0-2: Foul Ball, location: 2F 0-2: Fly out, F9 (Line Drive, 9, EV 96.2 MPH)
|
| Bottom of the 5th over - 0 runs, 1 hit, 0 errors, 1 left on base; Mobile 0 - Biloxi 8 |
| TOP OF THE 6TH |
|
Mobile BayBears batting - Pitching for Biloxi Shuckers : RHP Jonathon Crunk
|
|
Batting: RHB John Gray
|
0-0: Ball 1-0: SINGLE (Flyball, 78S, EV 101.2 MPH)
|
|
Pitching: LHP Matt Hirschi
|
|
|
Batting: LHB Josh Gottlieb
|
0-0: Ball 1-0: Called Strike 1-1: Ball 2-1: Fly out, F8 (Flyball, 8LXD, EV 91.9 MPH)
|
|
Batting: RHB Omar Arroyo
|
0-0: Ball 1-0: Called Strike 1-1: Called Strike 1-2: Ball 2-2: Ball 3-2: Foul Ball, location: 2F 3-2: Foul Ball, location: 2F 3-2: Strikes out looking
|
|
Batting: RHB Dustin Legault
|
0-0: Fielders Choice at 2nd, 6-4 (Groundball, 6, EV 98.8 MPH)
|
| Top of the 6th over - 0 runs, 1 hit, 0 errors, 1 left on base; Mobile 0 - Biloxi 8 |
| BOTTOM OF THE 6TH |
|
Biloxi Shuckers batting - Pitching for Mobile BayBears : RHP Jeremy Dobrowolski
|
|
Pitching: LHP Danny Kessel
|
|
|
Batting: SHB Jamel Wright
|
0-0: Called Strike 0-1: Called Strike 0-2: Ball 1-2: Ball 2-2: Ground out 6-3 (Groundball, 6, EV 84.4 MPH)
|
|
Batting: RHB Tim Lively
|
0-0: Swinging Strike 0-1: Called Strike 0-2: Ball 1-2: Ball 2-2: Fly out, F9 (Flyball, 89M, EV 96.2 MPH)
|
|
Batting: RHB Matthew Adams
|
0-0: Called Strike 0-1: Ball 1-1: Ball 2-1: Fly out, F7 (Flyball, 78XD, EV 88.1 MPH)
|
| Bottom of the 6th over - 0 runs, 0 hits, 0 errors, 0 left on base; Mobile 0 - Biloxi 8 |
| TOP OF THE 7TH |
|
Mobile BayBears batting - Pitching for Biloxi Shuckers : LHP Matt Hirschi
|
|
Pinch Hitting: LHB J.D. Onorati
|
0-0: Ball 1-0: Foul Ball, location: 2F 1-1: Ball 2-1: Ball 3-1: Fly out, F8 (Flyball, 8RXD, EV 90.0 MPH)
|
|
Batting: RHB Justin Bruce
|
0-0: Called Strike 0-1: Ground out 4-3 (Groundball, 4S, EV 91.9 MPH)
|
|
Batting: LHB Steve Reinhart
|
0-0: Ball 1-0: Swinging Strike 1-1: Ball 2-1: Foul Ball, location: 2F 2-2: Foul Ball, location: 2F 2-2: Ball 3-2: Foul Ball, location: 2F 3-2: Foul Ball, location: 2F 3-2: Ground out 4-3 (Groundball, 4, EV 92.5 MPH)
|
| Top of the 7th over - 0 runs, 0 hits, 0 errors, 0 left on base; Mobile 0 - Biloxi 8 |
| BOTTOM OF THE 7TH |
|
Biloxi Shuckers batting - Pitching for Mobile BayBears : LHP Danny Kessel
|
|
Now at 1B: J.D. Onorati
|
|
|
Batting: RHB Mike Ball
|
0-0: Ball 1-0: Ball 2-0: SINGLE (Groundball, 6M, EV 101.9 MPH)
|
|
Batting: RHB Nick Spiller
|
0-0: Called Strike 0-1: Ball 1-1: Ball 2-1: SINGLE (Groundball, 6D, EV 94.4 MPH) Mike Ball to second
|
|
Batting: RHB Matt Saunders
|
0-0: Ball 1-0: SINGLE (Groundball, 56D, EV 104.4 MPH) Mike Ball to third Nick Spiller to second Runner from 3rd tries for Home, SAFE, throw by LF to home
|
|
Batting: RHB Jamie Youngs
|
0-0: Called Strike 0-1: Swinging Strike 0-2: Ball 1-2: Strikes out swinging
|
|
Batting: RHB Carlos Salazar
|
0-0: Ball 1-0: Foul Ball, location: 2F 1-1: TRIPLE (Flyball, 89XD, EV 110.6 MPH) Nick Spiller scores Matt Saunders scores
|
|
Pitching: RHP Ruben Vazquez
|
|
|
Batting: LHB Alan Bianchard
|
0-0: Called Strike 0-1: Ball 1-1: Ball 2-1: Ball 3-1: Foul Ball, location: 2F 3-2: Base on Balls
|
|
Batting: SHB Jamel Wright
|
0-0: Called Strike 0-1: Called Strike 0-2: Foul Ball, location: 2F 0-2: Ball 1-2: Ball 2-2: Ball 3-2: Foul Ball, location: 2F 3-2: SINGLE (Groundball, 4S, EV 73.8 MPH) (infield hit) Carlos Salazar scores Alan Bianchard to second
|
|
Batting: RHB Tim Lively
|
0-0: SINGLE (Groundball, 4D, EV 110.0 MPH) Alan Bianchard to third Jamel Wright to second Runner from 3rd tries for Home, SAFE, throw by RF to trailing runner, SAFE at third!
|
|
Batting: RHB Matthew Adams
|
0-0: Ball 1-0: Called Strike 1-1: Ball 2-1: Ball 3-1: Base on Balls Tim Lively to second
|
|
Batting: RHB Mike Ball
|
0-0: SINGLE (Groundball, 4M, EV 106.9 MPH) (infield hit) Jamel Wright scores Tim Lively to third Matthew Adams to second
|
|
Batting: RHB Nick Spiller
|
0-0: Ball 1-0: Swinging Strike 1-1: Ball 2-1: Ball 3-1: Base on Balls Tim Lively scores Matthew Adams to third Mike Ball to second
|
|
Pitching: LHP Juan Perez
|
|
|
Batting: RHB Matt Saunders
|
0-0: Foul Ball, location: 2F 0-1: Ball 1-1: TRIPLE (Flyball, 89XD, EV 93.8 MPH) Matthew Adams scores Mike Ball scores Nick Spiller scores
|
|
Batting: RHB Jamie Youngs
|
0-0: Foul Ball, location: 2F 0-1: Ball 1-1: Swinging Strike 1-2: Ball 2-2: Foul Ball, location: 2F 2-2: Ball 3-2: Foul Ball, location: 2F 3-2: Strikes out looking
|
|
Batting: RHB Carlos Salazar
|
0-0: Called Strike 0-1: Called Strike 0-2: Ball 1-2: Strikes out swinging
|
| Bottom of the 7th over - 10 runs, 8 hits, 0 errors, 1 left on base; Mobile 0 - Biloxi 18 |
| TOP OF THE 8TH |
|
Mobile BayBears batting - Pitching for Biloxi Shuckers : LHP Matt Hirschi
|
|
Batting: SHB Salvador Aragon
|
0-0: Called Strike 0-1: Ground out 5-3 (Groundball, 56, EV 110.0 MPH)
|
|
Batting: RHB Katilimomi Kelekolio
|
0-0: Ball 1-0: Called Strike 1-1: Called Strike 1-2: Foul Ball, location: 2F 1-2: Foul Ball, location: 2F 1-2: Ball 2-2: Fly out, F3 (Popup, 23F, EV 80.6 MPH)
|
|
Pinch Hitting: RHB Dave Ehrlich
|
0-0: Ball 1-0: Ball 2-0: Ball 3-0: Called Strike 3-1: Swinging Strike 3-2: Foul Ball, location: 2F 3-2: Strikes out swinging
|
| Top of the 8th over - 0 runs, 0 hits, 0 errors, 0 left on base; Mobile 0 - Biloxi 18 |
| BOTTOM OF THE 8TH |
|
Biloxi Shuckers batting - Pitching for Mobile BayBears : LHP Juan Perez
|
|
Now in LF: Dave Ehrlich
|
|
|
Batting: LHB Alan Bianchard
|
0-0: Ball 1-0: Foul Ball, location: 2F 1-1: Ball 2-1: Ball 3-1: Foul Ball, location: 2F 3-2: Strikes out swinging
|
|
Batting: SHB Jamel Wright
|
0-0: Called Strike 0-1: Ball 1-1: Foul Ball, location: 2F 1-2: Ball 2-2: Strikes out swinging
|
|
Batting: RHB Tim Lively
|
0-0: Called Strike 0-1: Ball 1-1: Foul Ball, location: 2F 1-2: Ball 2-2: Foul Ball, location: 2F 2-2: Ground out 6-3 (Groundball, 6, EV 108.8 MPH)
|
| Bottom of the 8th over - 0 runs, 0 hits, 0 errors, 0 left on base; Mobile 0 - Biloxi 18 |
| TOP OF THE 9TH |
|
Mobile BayBears batting - Pitching for Biloxi Shuckers : LHP Matt Hirschi
|
|
Pitching: RHP Austin Trzcinski
|
|
|
Batting: LHB Josh Gottlieb
|
0-0: Ball 1-0: Ground out U3 (Groundball, 34S, EV 68.1 MPH)
|
|
Batting: RHB Omar Arroyo
|
0-0: Called Strike 0-1: Foul Ball, location: 2F 0-2: Foul Ball, location: 2F 0-2: Ball 1-2: Ball 2-2: Fly out, F9 (Flyball, 9, EV 85.6 MPH)
|
|
Batting: RHB Dustin Legault
|
0-0: Ball 1-0: Foul Ball, location: 2F 1-1: Called Strike 1-2: Strikes out swinging, 2-3 out at first.
|
| Top of the 9th over - 0 runs, 0 hits, 0 errors, 0 left on base; Mobile 0 - Biloxi 18 |
|